 Dungeon Crawl Stone Soup version 0.20-a0-959-gdc9e609 (webtiles) character file.

198346 Svalin the Executioner (level 18, 176/176 HPs)
             Began as a Hill Orc Fighter on Feb 11, 2017.
             Was the Champion of Beogh.
             Quit the game on level 1 of the Orcish Mines on Apr 6, 2017.
             The game lasted 02:19:28 (35096 turns).

Svalin the Executioner (Hill Orc Fighter)          Turns: 35096, Time: 02:19:29

Health: 176/176    AC: 28    Str: 22    XL:     18   Next: 44%
Magic:  26/26      EV:  9    Int: 14    God:    Beogh [******]
Gold:   1854       SH: 24    Dex: 26    Spells: 17/17 levels left

rFire    + + +     SeeInvis .   J - +7 broad axe (elec)
rCold    . . .     Gourm    .   W - +4 shield {rC+}
rNeg     . . .     Faith    .   g - +6 fire dragon scales of the Eternal Fruit {rF++ rC- Dex+7}
rPois    .         Spirit   .   l - +1 helmet
rElec    .         Reflect  +   Z - +0 cloak
rCorr    .         Harm     .   F - +2 pair of gloves
MR       +....                  i - +0 pair of boots {Stlth+}
Stlth    +.........             x - +4 amulet of reflection
Regen    0.4/turn               P - ring of protection from fire
MPRegen  0.2/turn               b - ring "Xouxkes" {AC+2 Int+6 Dex+4}

@: no status effects
A: walk on water
}: 1/15 runes: gossamer
a: Smiting, Recall Orcish Followers, Give Item to Named Follower, Resurrection,
Renounce Religion


You were on level 1 of the Orcish Mines.
You worshipped Beogh.
Beogh was exalted by your worship.
You were hungry.

You visited 6 branches of the dungeon, and saw 29 of its levels.
You also visited: Labyrinth, Ossuary and Ice Cave.

You collected 3749 gold pieces.
You spent 1895 gold pieces at shops.

Inventory:

Hand Weapons
 p - the +6 long sword of Goqengin {slice, *Drain Str+3 Int+4 Dex+10}
   (You found it on level 2 of the Spider Nest)

   It inflicts extra damage upon your enemies.
   It affects your strength (+3).
   It affects your intelligence (+4).
   It affects your dexterity (+10).
   It causes draining when unequipped.
 z - a +0 great sword of holy wrath
 H - a +1 arbalest of velocity
 J - a +7 broad axe of electrocution (weapon)
 S - a +2 vampiric short sword
 X - a +0 battleaxe of flaming
Missiles
 h - 49 tomahawks (quivered)
Armour
 g - the +6 fire dragon scales of the Eternal Fruit (worn) {rF++ rC- Dex+7}
   (You bought it in a shop on level 2 of the Orcish Mines)

   It affects your dexterity (+7).
   It greatly protects you from fire.
   It makes you vulnerable to cold.
 i - a +0 pair of boots of stealth (worn)
 k - quicksilver dragon scales
 l - a +1 helmet (worn)
 F - a +2 pair of gloves (worn)
 I - a +0 troll leather armour
 W - a +4 shield of cold resistance (worn)
 Z - a +0 cloak (worn)
Jewellery
 b - the ring "Xouxkes" (right hand) {AC+2 Int+6 Dex+4}
   (You took it off an orc sorcerer on level 12 of the Dungeon)

   [ring of protection]

   It affects your AC (+2).
   It affects your intelligence (+6).
   It affects your dexterity (+4).
 w - an uncursed ring of resist corrosion
 x - a +4 amulet of reflection (around neck)
 P - a ring of protection from fire (left hand)
 Y - an uncursed ring of see invisible
Wands
 d - a wand of iceblast (9/15)
 B - a wand of digging (9/24)
 C - a wand of digging (20/24)
 M - a wand of disintegration (11/24)
 U - a wand of lightning (3/15)
Scrolls
 c - 2 scrolls of blinking
 e - 14 scrolls of teleportation
 m - 7 scrolls of remove curse
 y - 5 scrolls of recharging
 A - 2 scrolls of fear
 Q - 4 scrolls of magic mapping
 T - a scroll of holy word
Potions
 j - 2 potions of invisibility
 n - 5 potions of ambrosia
 o - 2 potions of curing
 q - 4 potions of resistance
 r - 8 potions of lignification
 u - 3 potions of heal wounds
 v - 3 potions of flight
 D - a potion of agility
 E - a potion of cancellation
 K - 2 potions of experience {unknown}
 N - a potion of haste
 O - a potion of brilliance {unknown}
 R - 8 potions of might
Miscellaneous
 L - a phantom mirror
 V - 3 boxes of beasts
Comestibles
 a - 8 fruits
 f - 17 bread rations
 s - 15 royal jellies
 t - 16 meat rations


   Skills:
 + Level 19.5 Fighting
 + Level 24.0 Axes
 + Level 10.0 Armour
 - Level 16.1 Shields
 - Level 10.6 Invocations


You had 17 spell levels left.
You didn't know any spells.

Dungeon Overview and Level Annotations

Branches:
Dungeon (15/15)            Temple (1/1) D:7            Lair (6/6) D:11
 Shoals (0/4) Lair:4       Spider (4/4) Lair:2        Slime (0/5) Lair:6
    Orc (2/2) D:9             Elf (1/3) Orc:2        Vaults (0/5) D:13
 Depths (0/5) D:15

Altars:
Ashenzari
Cheibriados
Dithmenos
Elyvilon
Hepliaklqana
Kikubaaqudgha
Okawaru
Qazlal
Ru
Sif Muna
Uskayaw
Xom

Shops:
D:4 *   D:7 (   D:8 (}(   Orc:2 %![}

Portals:
Pandemonium: Orc:2
Trove: D:13 (give +6 demon trident)


Message History

Things that are here:
a robe; a dagger
Things that are here:
a chain mail; a scimitar You swap places.
There is a stone staircase leading up here.
You climb upwards.
There is a stone staircase leading down here.
You are feeling hungry.
Welcome back, Svalin the Hill Orc Fighter.
Beogh says: Drown the unbelievers in a sea of blood!
Press ? for a list of commands and other information.
Welcome back, Svalin the Hill Orc Fighter.
Beogh says: Drown the unbelievers in a sea of blood!
Press ? for a list of commands and other information.
Quiver which item? (- for none, * to show all) (? for menu, Esc to quit)
Okay, then.
Quiver which item? (- for none, * to show all) (? for menu, Esc to quit)
Okay, then.
Are you sure you want to abandon this character and quit the game? (Confirm with "yes".)

############## ###### ###
##.#.#.#...#..####.##.##
##.###.........>....#.......#
#...###.......@.............#
####.## #...#................##
#.##.#####..#.................#
......#.##.................^.##
.....#.................^......##
.....#...................#.....#
..........[..)...........#.....##
#..........[.......#...........#.
##.........[#....................


There were no monsters in sight!

Vanquished Creatures
  Arachne (Spider:3)
  Agnes (D:15)
  2 ghost moths (Spider:4)
  3 emperor scorpions
  3 entropy weavers
  Azrael (Spider:1)
  A spark wasp (Spider:4)
  A white draconian (IceCv)
  Snorg (D:11)
  A minotaur (Lab)
  3 vault guards (D:13)
  3 hydras
  A centaur warrior (D:14)
  A merfolk avatar (Lair:6)
  8 two-headed ogres
  5 dancing weapons (Elf:1)
  3 death yaks (Lair:3)
  2 orc high priests (Orc:2)
  7 deep elf knights (Elf:1)
  3 skeletal warriors (D:15)
  A sixfirhy (Orc:2)
  A fire crab (shapeshifter) (D:14)
  5 deep elf archers (Elf:1)
  Pikel (D:6)
  A torturous demonspawn (Orc:2)
  A glowing orange brain (D:15)
  A wolf spider zombie (D:14)
  A harpy (Lair:6)
  2 orc knights
  A mana viper (shapeshifter) (D:15)
  5 orc sorcerers
  13 orb spiders
  24 wolf spiders
  6 ugly things
  25 deep elf magi
  A manticore (D:15)
  A black mamba (Lair:3)
  3 cyclopes
  5 elephants (Lair:6)
  An ice statue (IceCv)
  2 torpor snails
  A moth of wrath (Spider:3)
  An orange demon (Orc:2)
  10 spiny frogs
  A smoke demon (Orc:2)
  3 gargoyles
  11 demonic crawlers
  5 komodo dragons
  8 rime drakes
  A kobold demonologist (D:12)
  17 polar bears
  3 meliai (D:15)
  28 jumping spiders
  4 trolls
  A minotaur skeleton (Lab)
  7 hippogriffs
  4 hornets
  6 slime creatures
  A snapping turtle (Lair:4)
  16 blink frogs
  An air elemental (Elf:1)
  37 yaks
  69 redbacks
  31 tarantellas
  A wraith (D:14)
  3 shadows
  A vampire (D:15)
  8 wyverns
  A yak (shapeshifter) (D:15)
  2 basilisks
  4 fire elementals
  A hungry ghost (Lab)
  A chaos spawn (Orc:2)
  14 soldier ants (Spider:2)
  10 swamp worms (Lair:6)
  The ghost of Hayden2e the Conjurer, an amateur OpCj (D:3)
  2 wargs
  2 hell hounds (Spider:1)
  A soldier ant (shapeshifter) (D:15)
  10 water moccasins
  9 porcupines
  3 ice beasts
  A slave (D:6)
  8 orc warriors
  2 sky beasts
  14 ogres
  A phantom (D:8)
  2 black bears
  4 centaurs
  17 wolves
  7 crocodiles
  12 bullfrogs
  A wyvern zombie (D:12)
  5 scorpions
  7 wights
  14 killer bees
  2 electric eels
  2 howler monkeys
  14 crimson imps
  A centaur zombie (D:11)
  3 human zombies (Ossuary)
  6 hounds
  7 orc wizards
  7 centaur skeletons
  6 orc priests
  3 jellies
  3 bullfrog skeletons
  3 iguanas
  18 worker ants
  3 mummies (Ossuary)
  A howler monkey zombie (D:8)
  A worker ant zombie (D:9)
  Robin (D:2)
  5 adders
  10 gnolls
  A shadow imp (D:6)
  6 oozes
  3 adder zombies (Ossuary)
  7 worms
  2 dart slugs
  10 leopard geckos
  37 orcs
  7 bats
  3 giant cockroaches
  4 gnoll zombies (Ossuary)
  23 goblins
  8 hobgoblins
  32 jackals
  4 quokkas
  2 ball pythons (D:3)
  9 frilled lizards
  A goblin zombie (Ossuary)
  3 hobgoblin zombies (Ossuary)
  A jackal skeleton (D:7)
  5 jackal zombies (Ossuary)
  6 kobolds
  3 kobold zombies (Ossuary)
  A leopard gecko skeleton (D:4)
  2 orc zombies (Ossuary)
  A quokka skeleton (D:4)
  3 quokka zombies (Ossuary)
  4 rats
  7 rat zombies (Ossuary)
  6 fungi
  11 plants
895 creatures vanquished.

Vanquished Creatures (collateral kills)
  A storm dragon (D:12)
  Aizul (Spider:3)
  4 emperor scorpions (Spider:4)
  5 entropy weavers
  An orc knight (Spider:3)
  A spark wasp (Spider:3)
  A rakshasa (D:15)
  6 hydras
  A vault guard (D:13)
  2 centaur warriors
  A queen ant (Spider:2)
  2 dancing weapons (Elf:1)
  2 two-headed ogres
  7 death yaks
  Sonja (D:14)
  5 skeletal warriors (D:15)
  A torturous demonspawn (Orc:2)
  A gelid demonspawn (Orc:2)
  2 unseen horrors
  2 deep elf archers (Elf:1)
  14 wolf spiders
  A harpy (Lair:6)
  3 deep elf magi (Elf:1)
  2 manticores
  17 orb spiders
  2 orc sorcerers (Orc:2)
  3 ugly things
  2 elephants (Lair:6)
  A moth of wrath (Spider:3)
  A rust devil (Orc:2)
  2 centaur skeletons
  4 spiny frogs
  5 rime drakes
  An efreet (D:14)
  3 komodo dragons
  8 demonic crawlers
  3 trolls
  A queen bee (Spider:4)
  12 jumping spiders
  2 polar bears (Lair:6)
  3 meliai (Spider:4)
  A wind drake (Lair:6)
  6 blink frogs
  4 hippogriffs
  3 hornets
  6 slime creatures
  15 tarantellas
  19 redbacks
  16 yaks
  2 basilisks (Lair:6)
  12 wyverns
  7 soldier ants
  A warg (D:11)
  8 water moccasins
  3 hell hounds
  An acid dragon (D:15)
  6 orc warriors
  A porcupine (Lair:4)
  2 sky beasts
  2 ice beasts
  2 centaurs
  5 wolves
  2 crocodiles (Lair:6)
  2 bullfrogs
  A wight (D:15)
  10 killer bees
  5 crimson imps
  A quasit (D:13)
  2 orc wizards
  8 orc priests
  2 jellies
  An iguana (D:9)
  10 worker ants (Spider:2)
  A shadow imp (D:11)
  2 oozes (Lair:6)
  3 worms (Lair:6)
  9 orcs
  2 jackals (D:9)
  A fungus (Lair:2)
  6 plants
327 creatures vanquished.

Vanquished Creatures (others)
  An orc warlord (D:13)
  An orc high priest (Spider:2)
  8 orc knights
  A hydra (Lair:6)
  2 deep elf archers (Elf:1)
  A deep elf mage (Elf:1)
  5 orc sorcerers
  7 orc priests
  A polar bear (IceCv)
  A redback (Spider:3)
  5 yaks (Lair:6)
  A water moccasin (D:6)
  8 orc warriors
  A slave (D:6)
  A centaur (D:7)
  7 orc wizards
  A howler monkey skeleton (D:6)
  33 orcs
  A giant cockroach (D:4)
  A hobgoblin (D:6)
  A frilled lizard (D:4)
  A leopard gecko skeleton (D:4)
  2 butterflies (D:6)
  8 fungi (Lair:6)
  18 plants
117 creatures vanquished.

Grand Total: 1339 creatures vanquished

Notes
Turn   | Place    | Note
-------+----------+-------------------------------------------
     0 | D:1      | Svalin the Hill Orc Fighter began the quest for the Orb.
     0 | D:1      | Reached XP level 1. HP: 19/19 MP: 1/1
   250 | D:1      | Reached skill level 3 in Axes
   252 | D:1      | Reached XP level 2. HP: 27/27 MP: 2/2
   563 | D:1      | Reached XP level 3. HP: 31/33 MP: 3/3
  1026 | D:1      | Upgraded the game from 0.20-a0-633-gff4aa5c to 0.20-a0-737-g7c16db2
  1036 | D:2      | Reached skill level 4 in Axes
  1732 | D:2      | Reached XP level 4. HP: 38/40 MP: 4/4
  1787 | D:2      | Noticed Robin
  1808 | D:2      | Killed Robin
  2418 | D:3      | Reached skill level 5 in Axes
  2425 | D:3      | Reached XP level 5. HP: 36/47 MP: 5/5
  2851 | D:3      | Noticed Hayden2e's ghost (amateur OpCj)
  2860 | D:3      | Killed Hayden2e's ghost
  2860 | D:3      | Reached skill level 5 in Fighting
  2860 | D:3      | Reached skill level 6 in Axes
  2860 | D:3      | Reached XP level 6. HP: 38/56 MP: 6/6
  3176 | D:4      | Became a worshipper of Beogh the Brigand
  3251 | D:4      | Found Mearphemu's General Store.
  3274 | D:4      | Bought a scroll of blinking for 82 gold pieces
  3274 | D:4      | Bought a potion of curing for 33 gold pieces
  3283 | D:4      | Reached skill level 7 in Axes
  3379 | D:4      | Found a stormy altar of Qazlal.
  3488 | D:4      | Found a white marble altar of Elyvilon.
  3508 | D:4      | Reached XP level 7. HP: 38/62 MP: 7/7
  3752 | D:5      | Entered Level 5 of the Dungeon
  3899 | D:5      | Reached * piety under Beogh
  3907 | D:5      | Reached skill level 5 in Shields
  3909 | D:5      | Reached skill level 8 in Axes
  4224 | D:5      | Found an iron altar of Okawaru.
  4450 | D:5      | Reached XP level 8. HP: 71/71 MP: 8/8
  4552 | D:5      | Reached skill level 9 in Axes
  4565 | D:6      | Found a shimmering altar of Xom.
  4914 | D:6      | Found an iron altar of Okawaru.
  4989 | D:6      | Noticed Pikel
  5011 | D:6      | Killed Pikel
  5011 | D:6      | Reached skill level 10 in Axes
  5070 | D:6      | Found a sacrificial altar of Ru.
  5277 | D:6      | Reached XP level 9. HP: 80/80 MP: 9/9
  5382 | D:7      | Reached ** piety under Beogh
  5387 | D:7      | Reached skill level 11 in Axes
  5575 | D:7      | Noticed a troll
  5598 | D:6      | Killed a troll
  5737 | D:7      | Found a staircase to the Ecumenical Temple.
  5824 | Temple   | Entered the Ecumenical Temple
  6000 | D:7      | Found a shattered altar of Ashenzari.
  6084 | D:7      | Found a snail-covered altar of Cheibriados.
  6129 | D:7      | Found an ancient bone altar of Kikubaaqudgha.
  6182 | D:7      | Found Diolusiwn's Antique Weapon Boutique.
  6238 | D:7      | Found a deep blue altar of Sif Muna.
  6345 | D:7      | Reached skill level 12 in Axes
  6876 | D:8      | Found a sand-covered staircase.
  6889 | D:8      | Found Etein's Weapon Shoppe.
  6892 | Ossuary  | Entered an ossuary
  6916 | Ossuary  | Reached *** piety under Beogh
  7190 | D:8      | Bought a +0 hand axe of flaming for 81 gold pieces
  7207 | D:8      | Reached **** piety under Beogh
  7284 | D:8      | Noticed a two-headed ogre
  7290 | D:8      | Killed a two-headed ogre
  7290 | D:8      | Reached skill level 13 in Axes
  7290 | D:8      | Reached XP level 10. HP: 72/91 MP: 10/10
  7414 | D:8      | Found Nekoboos's Weapon Boutique.
  7421 | D:8      | Bought a +1 broad axe of electrocution for 204 gold pieces
  7479 | D:8      | Found a hide-covered altar of Uskayaw.
  7719 | D:8      | Found a shadowy altar of Dithmenos.
  7872 | D:8      | Found Faepleeh's Gadget Emporium.
  8088 | D:9      | Gained Gorbash as an ally
  8121 | D:9      | Reached skill level 10 in Fighting
  8125 | D:9      | Found a staircase to the Orcish Mines.
  8139 | D:9      | Reached skill level 14 in Axes
  8948 | D:10     | Entered Level 10 of the Dungeon
  9260 | D:10     | Noticed a two-headed ogre
  9268 | D:10     | Killed a two-headed ogre
  9397 | D:10     | Reached XP level 11. HP: 101/101 MP: 11/11
  9475 | D:10     | Killed an unseen horror
  9625 | D:10     | Noticed a two-headed ogre
  9632 | D:10     | Killed a two-headed ogre
  9632 | D:10     | Reached skill level 15 in Axes
  9800 | D:11     | Noticed a two-headed ogre
  9803 | D:11     | Killed a two-headed ogre
  9874 | D:11     | You fall through a shaft for 3 floors!
  9910 | D:12     | Noticed a purple ugly thing
  9911 | D:12     | Noticed a two-headed ogre
  9913 | D:12     | Noticed a brown ugly thing
  9921 | D:12     | Killed a purple ugly thing
  9924 | D:12     | Killed a two-headed ogre
  9924 | D:12     | Reached ***** piety under Beogh
  9925 | D:12     | Killed a brown ugly thing
  9942 | D:12     | Reached skill level 10 in Shields
 10038 | D:12     | Found a frozen archway.
 10041 | D:12     | Gained Wulfoc as an ally
 10041 | D:12     | Reached skill level 16 in Axes
 10048 | IceCv    | Entered an ice cave
 10222 | IceCv    | Reached XP level 12. HP: 104/112 MP: 12/12
 10388 | IceCv    | Got a bone battleaxe
 10408 | IceCv    | Noticed a white draconian
 10433 | IceCv    | Killed a white draconian
 10438 | IceCv    | Reached skill level 17 in Axes
 11184 | D:12     | Identified the +5 battleaxe of Nightmares {speed, -Tele +Fly rElec Str+2 Int+5} (You found it in an ice cave)
 11365 | D:12     | Noticed a two-headed ogre
 11373 | D:12     | Killed a two-headed ogre
 11402 | D:12     | Noticed a centaur warrior
 11408 | D:12     | Killed a centaur warrior
 11441 | D:12     | Reached skill level 18 in Axes
 11446 | D:12     | Got a slimy copper ring
 11561 | D:12     | Noticed a shadow dragon
 11561 | D:12     | Noticed a stone giant
 11561 | D:12     | Noticed a storm dragon
 11561 | D:12     | Noticed a storm dragon
 11562 | D:12     | Noticed a sphinx
 11562 | D:12     | Noticed a storm dragon
 11569 | D:12     | Your ally Wulfoc died
 11571 | D:12     | Noticed a storm dragon
 11576 | D:12     | Killed a storm dragon
 11578 | D:12     | Your ally Gorbash died
 11909 | D:11     | Reached XP level 13. HP: 107/122 MP: 13/13
 12004 | D:11     | Noticed Snorg
 12013 | D:11     | Killed Snorg
 12077 | D:11     | Found a staircase to the Lair.
 12259 | D:11     | Identified the ring "Xouxkes" {AC+2 Int+6 Dex+4} (You took it off an orc sorcerer on level 12 of the Dungeon)
 12507 | Lair:1   | Entered Level 1 of the Lair of Beasts
 12604 | Lair:1   | You fall through a shaft!
 12664 | Lair:2   | Reached skill level 19 in Axes
 12931 | Lair:2   | Gained Harm as an ally
 12963 | Lair:2   | Reached ****** piety under Beogh
 13083 | Lair:2   | Gained Beowulf as an ally
 13178 | Lair:2   | Found a hole to the Spider Nest.
 13632 | Lair:3   | Reached skill level 1 in Invocations
 14386 | Lair:4   | Found a labyrinth entrance.
 14398 | Lab      | Entered a labyrinth
 14525 | Lab      | Got a brightly glowing lapis lazuli ring
 14967 | Lab      | Noticed a minotaur
 14977 | Lab      | Killed a minotaur
 14982 | Lab      | Identified the Collected Works on Hurtful Augmentations
 14991 | Lair:4   | Identified the ring "Jone" {*Tele rPois Int+3 Dex-5 Slay+3} (You found it in a labyrinth)
 15116 | Lair:4   | You fall through a shaft for 2 floors!
 15116 | Lair:6   | Entered Level 6 of the Lair of Beasts
 15132 | Lair:6   | Reached XP level 14. HP: 132/132 MP: 17/17
 15368 | Lair:4   | Found a staircase to the Shoals.
 15793 | Lair:5   | Reached skill level 5 in Invocations
 16052 | Lair:5   | Reached skill level 20 in Axes
 16535 | Lair:5   | Upgraded the game from 0.20-a0-737-g7c16db2 to 0.20-a0-738-gb057e68
 17064 | Lair:6   | Found a staircase to the Slime Pits.
 17150 | Lair:6   | Reached skill level 15 in Fighting
 18022 | Lair:6   | Reached XP level 15. HP: 95/141 MP: 21/21
 19362 | Orc:1    | Entered Level 1 of the Orcish Mines
 19526 | Orc:2    | Entered Level 2 of the Orcish Mines
 20165 | Orc:2    | Found a staircase to the Elven Halls.
 20273 | Orc:2    | Gained Brandogh as an ally
 20274 | Orc:2    | Found Zoemuzif's Distillery.
 20277 | Orc:2    | Found Judy's Food Shop.
 20337 | Orc:2    | Gained Marbaugh as an ally
 20375 | Orc:2    | Your ally Brandogh died
 20392 | Orc:2    | Found Elidwide's Gadget Emporium.
 20392 | Orc:2    | Found Vedath's Antique Armour Shoppe.
 20394 | Orc:2    | Gained Wardok as an ally
 20399 | Orc:2    | Found a one-way gate leading to the halls of Pandemonium.
 20703 | Orc:2    | Bought scorched fire dragon scales for 1495 gold pieces
 20713 | Orc:2    | Identified the +6 fire dragon scales of the Eternal Fruit {rF++ rC- Dex+7} (You bought it in a shop on level 2 of the Orcish Mines)
 21402 | D:13     | Found a gate to the Vaults.
 21413 | D:13     | Gained Bogward as an ally
 21416 | D:13     | Reached skill level 21 in Axes
 21418 | D:13     | Your ally Beowulf died
 21428 | D:13     | Reached skill level 10 in Invocations
 22038 | D:13     | Found a portal to a secret trove of treasure.
 22192 | D:14     | Noticed Sonja
 22193 | D:14     | Gained Alork as an ally
 22199 | D:14     | Killed Sonja
 22205 | D:14     | Gained Okrist as an ally
 23647 | D:15     | Entered Level 15 of the Dungeon
 23761 | D:15     | Found a shattered altar of Ashenzari.
 24136 | D:15     | Reached skill level 15 in Shields
 24144 | D:15     | Found a staircase to the Depths.
 24239 | D:15     | Reached XP level 16. HP: 152/152 MP: 24/24
 24395 | D:15     | Noticed Agnes
 24404 | D:15     | Killed Agnes
 25070 | Spider:1 | Entered Level 1 of the Spider Nest
 25074 | Spider:1 | Gained Wulfoc as an ally
 25633 | Spider:1 | Your ally Wulfoc died
 25692 | Spider:1 | Noticed Azrael
 25701 | Spider:1 | Killed Azrael
 26127 | Spider:1 | Paralysed by a hornet for 2 turns
 26315 | Spider:2 | Reached skill level 22 in Axes
 26548 | Spider:2 | Your ally Wulfoc died
 26608 | Spider:2 | Got a pitted long sword
 26609 | Spider:2 | Identified the +6 long sword of Goqengin {slice, *Drain Str+3 Int+4 Dex+10} (You found it on level 2 of the Spider Nest)
 26638 | Spider:2 | Upgraded the game from 0.20-a0-738-gb057e68 to 0.20-a0-809-gaf7f668
 26969 | Spider:2 | Your ally Wardok died
 28253 | Spider:3 | Reached XP level 17. HP: 152/163 MP: 25/25
 28320 | Spider:3 | Noticed Arachne
 28330 | Spider:3 | Killed Arachne
 28330 | Spider:3 | Reached skill level 5 in Armour
 28346 | Spider:3 | Your ally Alork died
 29651 | Spider:4 | Entered Level 4 of the Spider Nest
 29654 | Spider:4 | Noticed Aizul
 29668 | Spider:3 | Killed Aizul
 30123 | Spider:3 | Reached skill level 23 in Axes
 30557 | Spider:3 | Your ally Bogward died
 32541 | Spider:4 | Your ally Marbaugh died
 32802 | Spider:4 | Got a gossamer rune of Zot
 32897 | Spider:4 | Reached XP level 18. HP: 152/176 MP: 26/26
 33521 | Elf:1    | Entered Level 1 of the Elven Halls
 34866 | Elf:1    | Reached skill level 24 in Axes
 34866 | Elf:1    | Reached skill level 10 in Armour
 35096 | Orc:1    | Upgraded the game from 0.20-a0-809-gaf7f668 to 0.20-a0-909-g1a4ba80
 35096 | Orc:1    | Upgraded the game from 0.20-a0-909-g1a4ba80 to 0.20-a0-959-gdc9e609
 35096 | Orc:1    | Quit the game

Vault maps used:
D:1:      dpeg_arrival_tiny_f, minivault_5, minmay_split_cup_small
D:2:      kennysheep_goblin_castle, minmay_misc_feat_iff
D:3:      first_bread
D:4:      kennysheep_mini, nicolae_qazlal_general_emergency, serial_shops, shop
D:5:      minmay_opposing_rooms, basic_altar
D:6:      xom_butterflies, nicolae_ru_great_annihilating_truth,
          okawaru_gym_becter, uniq_pikel
D:7:      led_sif_pool, minmay_temple_entry_grid, serial_shops,
          kennysheep_mini_moat, hangedman_feature_mirror, kennysheep_crisscross,
          grunt_ogre_cave, lemuel_tele_altar
D:8:      nicolae_dithmenos_through_a_glass_darkly, serial_shops,
          nicolae_shop_waterfront, shop, nicolae_shop_waterfront, basic_altar,
          enter_ossuary_1, grunt_decor_mini_mirrors
D:9:      david_orc_3
D:11:     erik_lair_orcish_takeover, hex_medium, minivault_19, uniq_snorg
D:12:     portal_ice_cave_rime, fountainhead, minmay_the_grid_2x2
D:13:     lightli_vaults_fourway_checkpoint, enter_trove_6, grunt_ministairs_1
D:14:     hangedman_abyss_or_decor_lesser_grid, uniq_sonja
D:15:     gammafunk_enter_depths_forms, nicolae_ashenzari_panopticon,
          st_stairs_6, uniq_agnes
Temple:   eino_wide_crystal_templ
Lair:1:   minivault_27, grunt_megastairs_5, serial_bayou_shore_b,
          infiniplex_staircase_pool_2
Lair:2:   spider_nest_entry_rubble
Lair:3:   minivault_11
Lair:4:   minmay_shoals_entry_hut, lab_entry_generic
Lair:5:   minmay_lair_drake_nest, grunt_megastairs_4
Lair:6:   gammafunk_lair_ancient_temple, nicolae_slime_entry_slimehenge,
          special_room, worms_lemuel
Spider:1: nicolae_spider_circle_web, uniq_azrael
Spider:2: nicolae_orb_stairs_large, minivault_29
Spider:3: nicolae_arachne_temple
Spider:4: grunt_spider_rune_circles, special_room, uniq_aizul
Orc:1:    nicolae_orc_stony_grotto
Orc:2:    pf_orc_diabolical
Elf:1:    elf_arrival_001, hangedman_elven_crosses_minicolossus
Lab:      lab_hedge, labyrinth_skeletal_remains, nicolae_lab_grate
Ossuary:  minmay_ossuary_two_tombs
IceCv:    ice_cave_small_giant

Skill      XL: |  1  2  3  4  5  6  7  8  9 10 11 12 13 14 15 16 17 18 |
---------------+-------------------------------------------------------+-----
Axes           | 3 4 5 6 7 8 10 13 14 16 18 19 20 21 22 23 24 | 24.0
Fighting       | 4 5 6 7 9 10 11 13 14 15 16 17 19 | 19.5
Shields        | 4 5 6 8 9 10 11 12 13 15 16 | 16.1
Invocations    | 4 8 10 | 10.6
Armour         | 4 8 10 | 10.0

Action                   |  1- 3 |  4- 6 |  7- 9 | 10-12 | 13-15 | 16-18 || total
-------------------------+-------+-------+-------+-------+-------+-------++-------
Melee: War axe           |   107 |   177 |   476 |    12 |       |       ||   772
       Broad axe         |       |       |       |   361 |   786 |   881 ||  2028
       Hand axe          |       |       |       |       |    12 |       ||    12
Throw: Tomahawk          |     8 |       |     3 |       |    11 |    20 ||    42
Invok: Convert to Beogh  |       |     1 |       |       |       |       ||     1
       Recall Orcish Fol |       |       |       |     2 |     3 |     5 ||    10
       Stop Recall       |       |       |       |     1 |     3 |     5 ||     9
       Give Item to Name |       |       |       |     2 |     8 |     1 ||    11
       Resurrection      |       |       |       |       |       |     1 ||     1
       Smiting           |       |       |       |       |       |     1 ||     1
Evoke: Wand              |       |       |       |       |     7 |     1 ||     8
       Box of beasts     |       |       |       |       |       |     1 ||     1
  Use: Scroll            |     5 |     4 |     5 |     9 |    15 |    10 ||    48
       Potion            |       |     1 |       |     3 |     7 |     4 ||    15
 Stab: Distracted        |       |       |       |     3 |     9 |    13 ||    25
       Sleeping          |       |       |       |     1 |     3 |       ||     4
       Held in net/web   |       |       |       |       |       |     1 ||     1
  Eat: Chunk             |    13 |     9 |     1 |    11 |    19 |    13 ||    66
       Fruit             |       |       |     4 |       |    12 |     3 ||    19
       Bread ration      |       |       |     1 |       |       |     2 ||     3
       Meat ration       |       |       |       |     1 |     1 |     1 ||     3
       Royal jelly       |       |       |       |       |     2 |     2 ||     4
Armor: Scale mail        |    74 |    66 |    45 |       |       |       ||   185
       Chain mail        |       |       |    56 |       |       |       ||    56
       Troll leather arm |       |       |    36 |    81 |   100 |       ||   217
       Fire dragon scale |       |       |       |       |    51 |   382 ||   433
Dodge: Dodged            |    37 |    53 |    86 |    75 |   109 |   177 ||   537
Block: Shield            |    66 |    75 |   312 |   221 |   578 |   872 ||  2124
       Reflection        |       |       |     5 |     3 |    16 |    18 ||    42
